 Dungeon Crawl Stone Soup version 0.22-a0-456-g11ed031617 (webtiles) character file.

289820 Kaname the Devastator (level 20, -3/147 HPs)
             Began as a Demonspawn Wizard on June 6, 2018.
             Was an Initiate of Gozag.
             Shot with an arrow by a naga sharpshooter (18 damage)
             ... on level 4 of the Snake Pit on June 7, 2018.
             The game lasted 05:07:26 (54514 turns).

Kaname the Devastator (Demonspawn Wizard)          Turns: 54514, Time: 05:07:27

Health: -3/147     AC: 10    Str:  9    XL:     20   Next: 27%
Magic:  28/48      EV: 18    Int: 28    God:    Gozag
Gold:   2458       SH:  0    Dex: 14    Spells: 16/49 levels left

rFire    . . .     SeeInvis +   P - +9 rapier (elec)
rCold    . . .     Gourm    .   (no shield)
rNeg     . . .     Faith    .   z - +0 leather armour of Royalty {rElec}
rPois    +         Spirit   .   o - +0 helmet {Int+3}
rElec    +         Reflect  .   n - +0 cloak {+Inv}
rCorr    .         Harm     .   (gloves unavailable)
MR       +....     Clarity  +   T - +2 pair of boots of the Assassin {Detection Stab+ Stlth++}
Stlth    ++++++++..             R - amulet of regeneration
HPRegen  0.74/turn              N - ring of magical power
MPRegen  0.31/turn              K - ring of poison resistance

@: lethally poisoned (-3 -> -3)
A: claws 3, see invisible, clarity, foul stench 2, powered by death 2, rot
immunity, sturdy frame 3
}: 1/15 runes: decaying
a: Potion Petition, Call Merchant, Bribe Branch, Renounce Religion, Evoke
Invisibility


You were on level 4 of the Snake Pit.
You worshipped Gozag.
Gozag was most pleased with you.
You were not hungry.

You visited 8 branches of the dungeon, and saw 36 of its levels.
You also visited: Volcano and Desolation.

You collected 14243 gold pieces.
You spent 4460 gold pieces at shops.
You paid 7325 gold pieces to Gozag.

Inventory:

Hand Weapons
 G - a +9 quick blade
 I - a +7 blowgun
 P - a +9 rapier of electrocution (weapon)
Missiles
 p - 10 curare-tipped needles
 t - 6 throwing nets (quivered)
 u - 1012 arrows
Armour
 n - a +0 cloak of invisibility (worn)
 o - a +0 helmet of intelligence (worn)
 v - a +1 shield of fire resistance
 z - the +0 leather armour of Royalty (worn) {rElec}
   (You found it on level 4 of the Dungeon)

   It insulates you from electricity.
 T - the +2 pair of boots of the Assassin (worn) {Detection Stab+ Stlth++}
   (You bought it in a shop on level 2 of the Orcish Mines)

   It makes you much more stealthy.
Jewellery
 e - the ring "Viekirelio" {rN+ Int+2}
   (You found it on level 15 of the Dungeon)

   [ring of positive energy]

   It affects your intelligence (+2).
   It protects you from negative energy.
 y - an uncursed ring of wizardry
 K - a ring of poison resistance (right claw)
 N - a ring of magical power (left claw)
 R - an amulet of regeneration (around neck)
 U - a +4 amulet of reflection
Wands
 f - a wand of clouds (5)
 k - a wand of acid (20)
 A - a wand of digging (46)
 F - a wand of paralysis (12)
Scrolls
 a - 6 scrolls of enchant armour
 c - 3 scrolls of teleportation
 g - 20 scrolls of remove curse
 m - 2 scrolls of vulnerability
 w - a scroll of silence
 B - 5 scrolls of fog
 E - a scroll of immolation
 M - 4 scrolls of identify
 Q - 3 scrolls of magic mapping
Potions
 h - 3 potions of resistance
 i - 7 potions of curing
 j - 9 potions of brilliance
 l - 3 potions of agility
 q - 2 potions of magic
 r - 4 potions of flight
 s - 2 potions of haste
 x - 5 potions of might
 C - a potion of heal wounds
 D - 2 potions of invisibility
 J - a potion of cancellation
 L - 2 potions of lignification
 O - a potion of berserk rage
 Z - a potion of ambrosia
Miscellaneous
 b - a lightning rod (4/4)
 H - a fan of gales
 S - 2 phantom mirrors
 V - 2 sacks of spiders
 W - a lamp of fire
 X - 2 boxes of beasts
 Y - a phial of floods
Comestibles
 d - 5 rations


   Skills:
 - Level 10.0 Fighting
 - Level 8.0 Short Blades
 - Level 8.0 Armour
 - Level 10.0 Dodging
 - Level 15.0 Stealth
 - Level 4.0 Shields
 - Level 15.0 Spellcasting
 - Level 16.0 Conjurations
   Level 1.0 Summonings
 - Level 4.1 Necromancy
 - Level 1.1 Translocations
 - Level 2.0 Fire Magic
 + Level 3.8 Ice Magic
 - Level 8.0 Air Magic
 - Level 9.0 Earth Magic
   Level 7.1 Poison Magic


You had 16 spell levels left.
You knew the following spells:

 Your Spells              Type           Power        Failure   Level  Hunger
a - Ensorcelled Hibernat  Hex/Ice        ####..       1%          2    None
b - Blink                 Tloc           N/A          2%          2    None
c - Conjure Ball Lightni  Conj/Air       ######....   2%          6    ####...
d - Conjure Flame         Conj/Fire      ######..     1%          3    None
e - Passwall              Tmut/Erth      #####...     1%          2    None
f - Fireball              Conj/Fire      ######....   1%          5    None
g - Vampiric Draining     Necr           #####.....   1%          3    None
h - Lee's Rapid Deconstr  Erth           ######....   1%          5    None
j - Borgnjor's Vile Clut  Necr/Erth      ######....   4%          5    None

Your spell library contained the following spells:

 Spells                   Type           Power        Failure   Level  Hunger
 Cause Fear               Hex            ###.......   24%         4    None
 Magic Dart               Conj           ####         0%          1    None
 Lightning Bolt           Conj/Air       ######....   1%          5    None
 Bolt of Magma            Conj/Fire/Erth ######....   1%          5    None
 Slow                     Hex            ###.....     3%          2    None
 Confuse                  Hex            ###.....     7%          3    None
 Throw Flame              Conj/Fire      ######       1%          2    None
 Throw Frost              Conj/Ice       ######       1%          2    None
 Mephitic Cloud           Conj/Pois/Air  ######..     1%          3    None
 Ring of Flames           Chrm/Fire      ####......   100%        7    #####..
 Venom Bolt               Conj/Pois      ######....   1%          5    None
 Olgreb's Toxic Radiance  Pois           ######..     1%          4    None
 Teleport Other           Tloc           ####....     4%          3    None
 Animate Dead             Necr           N/A          4%          4    None
 Pain                     Necr           ####         1%          1    None
 Animate Skeleton         Necr           N/A          1%          1    None
 Sticky Flame             Conj/Fire      ######..     1%          4    None
 Ozocubu's Armour         Chrm/Ice       ####....     3%          3    None
 Call Imp                 Summ           ####....     2%          2    None
 Regeneration             Chrm/Necr      ####......   3%          3    None
 Sting                    Conj/Pois      ####         1%          1    None
 Iron Shot                Conj/Erth      ######....   2%          6    ####...
 Stone Arrow              Conj/Erth      ######       1%          3    None
 Statue Form              Tmut/Erth      #####....    50%         6    ####...
 Ice Form                 Ice/Tmut       ####....     11%         4    None
 Dragon Form              Tmut           ###.......   100%        7    #####..
 Confusing Touch          Hex            ###...       2%          1    None
 Flame Tongue             Conj/Fire      #####        1%          1    None
 Metabolic Englaciation   Hex/Ice        ####......   30%         5    None
 Shatter                  Erth           ######....   100%        9    #######
 Static Discharge         Conj/Air       ######..     1%          3    None
 Corona                   Hex            ###....      2%          1    None
 Sandblast                Erth           ######       1%          1    None
 Portal Projectile        Hex/Tloc       ###...       6%          3    None
 Petrify                  Tmut/Erth      #####...     3%          4    None
 Passage of Golubria      Tloc           N/A          16%         4    None
 Orb of Destruction       Conj           #######...   2%          7    #####..
 Tornado                  Air            ######....   100%        9    #######
 Leda's Liquefaction      Hex/Erth       #####.....   3%          4    None
 Shroud of Golubria       Chrm/Tloc      ###.......   3%          2    None
 Inner Flame              Hex/Fire       ####....     4%          3    None
 Iskenderun's Battlesphe  Conj/Chrm      ######..     2%          5    None
 Force Lance              Conj/Tloc      ######..     1%          4    None
 Infusion                 Chrm           ###.         2%          1    None
 Song of Slaying          Chrm           ###.....     3%          2    None
 Spectral Weapon          Hex/Chrm       ###.....     7%          3    None
 Spellforged Servitor     Conj/Summ      ######....   52%         7    #####..
 Hydra Form               Tmut           ###.......   98%         6    ####...
 Irradiate                Conj/Tmut      ######....   2%          5    None
 Gell's Gravitas          Tloc           ####......   4%          3    None
 Yara's Violent Unravell  Hex/Tmut       ###.......   54%         5    None
 Lesser Beckoning         Tloc           ####......   4%          3    None
 Poisonous Vapours        Pois/Air       ######       1%          2    None
 Ignition                 Fire           ####......   100%        8    #######


Dungeon Overview and Level Annotations

Branches:
Dungeon (15/15)            Temple (1/1) D:5            Lair (6/6) D:11
  Swamp (4/4) Lair:2        Snake (4/4) Lair:4        Slime (0/5) Lair:6
    Orc (2/2) D:9             Elf (3/3) Orc:2        Vaults (0/5) D:13
 Depths (1/5) D:15

Altars:
Ashenzari
Cheibriados
Dithmenos
Elyvilon
Fedhas
Gozag
Hepliaklqana
Kikubaaqudgha
Makhleb
Nemelex Xobeh
Okawaru
Qazlal
Ru
Sif Muna
Trog
Uskayaw
Vehumet
Wu Jian
Xom
Yredelemnul
Zin
The Shining One
Beogh

Shops:
D:9 *   D:11 :   D:13 (   D:15 [   Orc:2 ***[}}   Elf:3 *   Lair:4 *   Lair:6 !
Swamp:1 %   Snake:1 (?(   Snake:2 ?   Snake:3 (

Portals:
Trove: D:12 (give +3 ice dragon scales)

Annotations:
Snake:3 Vashnia
Snake:4 Mara


Innate Abilities, Weirdness & Mutations

You have claws for hands.
You frequently emit foul miasma when damaged in melee.
You regenerate health from kills.
You are immune to rotting.
Your movements are significantly less encumbered by armour. (ER -6)
You have supernaturally acute eyesight. (SInv)
You possess an exceptional clarity of mind.


Message History

* * * LOW HITPOINT WARNING * * *
You hear a shout!
You see here 4 arrows.
Okay, then.
Unknown command.
Press: ? - help, v - describe, . - travel
Here: a naga sharpshooter, wielding a longbow (severely wounded)
The floor.
Unknown command.
Okay, then.
Unknown command.
You feel much better.
You feel sick.
The naga sharpshooter shoots an arrow.
The arrow hits you!
* * * LOW HITPOINT WARNING * * *
A naga comes into view. It is wielding a halberd of protection.
The naga sharpshooter casts a spell.
The naga sharpshooter magically shoots an arrow.
The arrow hits you!!
You die...
Your body crumbles into a pile of gold.

##..#...$.......#
#........#....##
##)).###.#....#
#...#.###N...#
#...#.($NN..##
#...(.(.....#
#.{N.......##
#(##$.....##
#.@$....###
#########


You could see 2 naga sharpshooters and a naga.

Vanquished Creatures
  the Lernaean hydra (Swamp:4)
  Saint Roka (Orc:2)
  Nikola (Swamp:2)
  2 deep elf master archers (Elf:3)
  4 deep elf blademasters
  Gastronok (Lair:1)
  2 thorn hunters (Swamp:2)
  Frances (Snake:1)
  Kirke (Swamp:2)
  Donald (Swamp:2)
  Roxanne (Swamp:3)
  4 nagarajas
  Louise (Elf:3)
  6 deep elf sorcerers
  A fire giant (Depths:1)
  2 orc warlords (Orc:2)
  5 deep elf elementalists (Elf:3)
  A stone giant (Volcano)
  6 deep elf demonologists (Elf:3)
  9 deep elf annihilators (Elf:3)
  8 deep elf death magi
  An ettin (Orc:2)
  Josephine (D:13)
  3 deep elf high priests (Elf:3)
  The ghost of FluffierThanThou the Cleaver, a journeyman MiFi of Okawaru (D:11)
  7 vault guards (D:13)
  2 servants of whispers (Desolation)
  28 hydras
  Harold (D:12)
  2 catoblepae (Lair:6)
  A peacekeeper (Desolation)
  9 naga warriors
  An ogre mage (D:13)
  3 ghost crabs
  9 two-headed ogres
  4 centaur warriors
  5 anacondas
  2 tengu warriors (D:13)
  8 alligators
  An orc high priest (Elf:1)
  7 death yaks
  2 shock serpents
  Sonja (Lair:1)
  5 salamander mystics (Snake:4)
  4 naga sharpshooters
  19 deep elf knights
  11 swamp dragons
  An unseen horror (shapeshifter) (D:15)
  A glowing orange brain (D:15)
  A sea snake (Snake:1)
  3 spriggan druids
  9 deep elf archers
  6 lindwurms
  Pikel (D:4)
  3 orc knights (Orc:2)
  3 naga ritualists (Snake:3)
  A shambling mangrove (Swamp:4)
  36 deep elf magi
  11 ugly things
  9 orc sorcerers
  10 mana vipers
  3 cyclopes
  2 manticores (Lair:6)
  4 salamanders
  8 elephants
  2 centaur zombies
  Joseph (D:10)
  A black mamba (shapeshifter) (Elf:2)
  2 guardian serpents
  20 naga magi
  A molten gargoyle (Volcano)
  28 black mambas
  15 spiny frogs
  2 gargoyles (Volcano)
  An efreet (Volcano)
  3 rime drakes (Lair:6)
  A freezing wraith (D:14)
  5 komodo dragons
  6 trolls
  8 tyrant leeches
  A wolf spider simulacrum (D:15)
  10 polar bears (Lair:6)
  11 bog bodies
  23 blink frogs
  19 slime creatures
  4 hornets
  3 raiju (Lair:6)
  2 dream sheep (Lair:6)
  9 saltlings (Desolation)
  13 hippogriffs
  3 shadows
  A vampire (D:12)
  A centaur simulacrum (D:14)
  A yak (shapeshifter) (D:15)
  3 wraiths (D:13)
  6 spriggans
  3 water elementals
  3 air elementals (Elf:1)
  4 fire elementals
  A spriggan (shapeshifter) (D:15)
  2 wyverns
  7 fire bats (Volcano)
  25 yaks
  4 hogs (Swamp:2)
  4 basilisks
  3 hungry ghosts
  2 steam dragons
  16 vampire mosquitoes
  Grum (Lair:1)
  A soldier ant (D:15)
  Menkaure (D:7)
  13 swamp worms
  5 insubstantial wisps (Swamp:2)
  30 nagas
  Edmund (D:5)
  18 wargs
  2 acid dragons
  14 hell hounds (Lair:6)
  17 water moccasins
  14 swamp drakes
  7 porcupines
  35 orc warriors
  4 slaves (D:4)
  3 sky beasts
  A hornet zombie (D:15)
  11 black bears
  2 eyes of draining (D:14)
  3 ice beasts
  17 ogres
  3 phantoms
  31 wolves
  9 centaurs
  10 crocodiles
  Blork the orc (D:6)
  6 big kobolds
  26 bullfrogs
  A bullfrog (shapeshifter) (D:15)
  A gnoll sergeant (D:6)
  5 earth elementals
  8 scorpions
  A water moccasin skeleton (D:11)
  5 killer bees (D:11)
  5 wights (D:8)
  A vampire bat (D:9)
  A howler monkey (D:6)
  5 electric eels
  6 lava snakes (Volcano)
  5 crimson imps
  A bullfrog zombie (D:10)
  6 hounds
  8 jellies
  16 orc priests
  Crazy Yiuf (D:3)
  2 quasits (D:14)
  A gnoll shaman (D:3)
  8 iguanas
  4 centaur skeletons
  42 orc wizards
  4 bullfrog skeletons
  10 worker ants
  A killer bee zombie (D:10)
  A hound skeleton (D:5)
  3 worker ant zombies
  Robin (D:2)
  7 gnolls
  A howler monkey skeleton (D:4)
  13 adders
  5 shadow imps
  An ooze (shapeshifter) (D:11)
  7 oozes
  An adder zombie (D:4)
  6 worms
  2 dart slugs
  5 leopard geckos
  94 orcs
  3 ball pythons
  6 bats
  3 bat skeletons (D:9)
  3 bat zombies (D:9)
  4 giant cockroaches
  18 goblins
  11 hobgoblins
  4 quokkas
  2 frilled lizards
  30 kobolds
  A quokka zombie (D:10)
  8 rats
  9 pillars of salt (Elf:1)
1272 creatures vanquished.

Vanquished Creatures (others)
  27 dancing weapons
  A deep elf knight (Elf:3)
  260 ball lightnings
  2 humans (Swamp:2)
  A naga (Snake:4)
  A black bear (Lair:6)
  A wolf (Lair:6)
  A centaur (Depths:1)
  A wyvern skeleton (D:6)
  A vampire bat (D:9)
  An orc wizard (D:9)
  10 fungi
  6 pillars of salt (Elf:1)
  30 plants
  2 toadstools (Swamp:2)
345 creatures vanquished.

Grand Total: 1617 creatures vanquished

Notes
Turn   | Place    | Note
-------+----------+-------------------------------------------
     0 | D:1      | Kaname the Demonspawn Wizard began the quest for the Orb.
     0 | D:1      | Reached XP level 1. HP: 13/13 MP: 4/4
   206 | D:1      | Reached skill level 2 in Conjurations
   266 | D:1      | Gained mutation: You regenerate a little health from kills. [demonic ancestry]
   266 | D:1      | Reached XP level 2. HP: 19/19 MP: 1/6
   352 | D:1      | Learned a level 2 spell: Blink
   799 | D:1      | Reached skill level 3 in Conjurations
   994 | D:1      | Reached XP level 3. HP: 12/24 MP: 3/7
  1061 | D:2      | Learned a level 3 spell: Mephitic Cloud
  1635 | D:2      | Noticed Robin
  1715 | D:2      | Gained mutation: You regenerate health from kills. [demonic ancestry]
  1715 | D:2      | Reached XP level 4. HP: 28/30 MP: 3/8
  1727 | D:2      | Killed Robin
  1727 | D:2      | Reached skill level 4 in Conjurations
  2067 | D:2      | Reached skill level 1 in Poison Magic
  2731 | D:3      | Reached skill level 1 in Air Magic
  2861 | D:3      | Gained mutation: Your movements are slightly less encumbered by armour. (ER -2) [demonic ancestry]
  2861 | D:3      | Reached XP level 5. HP: 18/35 MP: 5/9
  3049 | D:3      | Found a blossoming altar of Fedhas.
  3253 | D:3      | Found a runed door.
  3257 | D:3      | Noticed Crazy Yiuf
  3265 | D:3      | Killed Crazy Yiuf
  3265 | D:3      | Reached skill level 5 in Conjurations
  3678 | D:4      | Reached XP level 6. HP: 19/41 MP: 0/10
  3773 | D:4      | Reached skill level 6 in Conjurations
  3778 | D:4      | Learned a level 3 spell: Conjure Flame
  3902 | D:4      | Got a slimy leather armour
  3913 | D:4      | Identified the cursed +0 leather armour of Royalty {rElec} (You found it on level 4 of the Dungeon)
  4134 | D:4      | Noticed a slave
  4134 | D:4      | Noticed a slave
  4134 | D:4      | Noticed a slave
  4164 | D:4      | Killed a slave
  4202 | D:4      | Killed a slave
  4227 | D:4      | Noticed Pikel
  4230 | D:4      | Noticed a slave
  4237 | D:4      | Killed Pikel
  4237 | D:4      | Reached skill level 8 in Conjurations
  4237 | D:4      | Gained mutation: Your movements are less encumbered by armour. (ER -4) [demonic ancestry]
  4237 | D:4      | Reached XP level 7. HP: 33/46 MP: 3/11
  4448 | D:4      | Reached skill level 1 in Fighting
  4448 | D:4      | Reached XP level 8. HP: 50/56 MP: 4/12
  4634 | D:5      | Entered Level 5 of the Dungeon
  4749 | D:5      | Noticed Edmund
  4783 | D:5      | Killed Edmund
  5016 | D:5      | Found a staircase to the Ecumenical Temple.
  5133 | Temple   | Entered the Ecumenical Temple
  5239 | Temple   | Became a worshipper of Gozag Ym Sagoz the Greedy
  5724 | D:6      | Noticed a two-headed ogre
  5813 | D:6      | Noticed Blork the orc
  5866 | D:6      | Killed a two-headed ogre
  5866 | D:6      | Gained mutation: You are immune to rotting. [demonic ancestry]
  5866 | D:6      | Reached XP level 9. HP: 61/65 MP: 5/13
  5911 | D:6      | Killed Blork the orc
  6224 | D:6      | Reached skill level 5 in Spellcasting
  6868 | D:7      | Found a shattered altar of Ashenzari.
  6894 | D:7      | Reached skill level 9 in Conjurations
  7279 | D:7      | Noticed Menkaure
  7291 | D:7      | Reached XP level 10. HP: 31/71 MP: 13/18
  7882 | D:7      | Found a shattered altar of Ashenzari.
  8106 | D:7      | Killed Menkaure
  8106 | D:7      | Reached skill level 1 in Fire Magic
  8623 | D:8      | Reached skill level 1 in Translocations
  8727 | D:9      | Noticed a two-headed ogre
  8788 | D:8      | Killed a two-headed ogre
  8788 | D:8      | Reached skill level 10 in Conjurations
  8891 | D:9      | Bought a ration for 65 gold pieces
  8891 | D:9      | Bought a ration for 65 gold pieces
  8891 | D:9      | Bought a ration for 65 gold pieces
  8891 | D:9      | Bought a ration for 65 gold pieces
  8891 | D:9      | Bought a ration for 65 gold pieces
  8952 | D:9      | Found Onaujim's General Store.
  9000 | D:9      | Reached skill level 5 in Fighting
  9244 | D:9      | Learned a level 3 spell: Stone Arrow
  9286 | D:9      | Found an ancient bone altar of Kikubaaqudgha.
  9496 | D:9      | Found a staircase to the Orcish Mines.
  9769 | D:9      | Bought a scroll of teleportation for 45 gold pieces
  9838 | D:9      | Gained mutation: You may emit foul miasma when damaged in melee. [demonic ancestry]
  9838 | D:9      | Reached XP level 11. HP: 57/86 MP: 16/20
 10021 | D:9      | Paralysed by a hornet for 2 turns
 10202 | D:10     | Entered Level 10 of the Dungeon
 10211 | D:10     | Noticed a two-headed ogre
 10220 | D:10     | Killed a two-headed ogre
 10838 | D:10     | Noticed Joseph
 10929 | D:10     | Killed Joseph
 11181 | D:10     | Noticed a two-headed ogre
 11186 | D:10     | Killed a two-headed ogre
 11323 | D:11     | Reached skill level 5 in Short Blades
 11326 | D:11     | Found a staircase to the Lair.
 11405 | D:11     | Reached skill level 1 in Earth Magic
 11478 | D:11     | Noticed FluffierThanThou's ghost (journeyman MiFi)
 11669 | D:11     | Got a shimmering hand axe
 11670 | D:11     | Identified the +5 hand axe of Callousness {chop, rN+ Str+7} (You found it on level 11 of the Dungeon)
 11712 | D:11     | Noticed a two-headed ogre
 11863 | D:11     | Killed a two-headed ogre
 12266 | D:11     | Reached skill level 5 in Earth Magic
 12285 | D:11     | Learned a level 5 spell: Lee's Rapid Deconstruction
 12623 | D:11     | Bought the Almanac of Conjuration for 508 gold pieces
 12630 | D:11     | Learned a level 5 spell: Venom Bolt
 12776 | D:12     | Noticed Harold
 12809 | D:12     | Noticed a cyan ugly thing
 12810 | D:12     | Noticed a brown ugly thing
 12823 | D:12     | Killed a cyan ugly thing
 12839 | D:12     | Killed a brown ugly thing
 13197 | D:12     | Found a portal to a secret trove of treasure.
 13512 | Lair:1   | Entered Level 1 of the Lair of Beasts
 13546 | Lair:1   | Noticed Grum
 13566 | Lair:1   | Reached skill level 5 in Poison Magic
 13578 | Lair:1   | Killed Grum
 13703 | Lair:1   | Gained mutation: You have sharp fingernails. [demonic ancestry]
 13703 | Lair:1   | Reached XP level 12. HP: 73/92 MP: 17/21
 13826 | Lair:1   | Noticed Gastronok
 13861 | Lair:1   | Noticed a six-headed hydra
 13918 | Lair:1   | Killed a six-headed hydra
 14123 | Lair:1   | Noticed Sonja
 14164 | Lair:1   | Killed Sonja
 14402 | Lair:1   | Killed Gastronok
 15265 | Lair:2   | Noticed a four-headed hydra
 15518 | Lair:2   | Killed a four-headed hydra
 16016 | Lair:2   | Found a staircase to the Swamp.
 16352 | Lair:3   | Learned a level 2 spell: Passwall
 16446 | Lair:3   | Reached skill level 10 in Spellcasting
 16537 | Lair:3   | Noticed a five-headed hydra
 16629 | Lair:3   | Noticed a six-headed hydra
 16641 | Lair:3   | Killed a five-headed hydra
 16699 | Lair:3   | Killed a six-headed hydra
 16699 | Lair:3   | Gained mutation: Your movements are significantly less encumbered by armour. (ER -6) [demonic ancestry]
 16699 | Lair:3   | Reached XP level 13. HP: 53/98 MP: 8/27
 16964 | Lair:3   | Reached skill level 11 in Conjurations
 17794 | Lair:4   | Found a staircase to the Snake Pit.
 17989 | Lair:4   | Reached skill level 12 in Conjurations
 20456 | Lair:6   | Entered Level 6 of the Lair of Beasts
 20916 | Lair:6   | Reached skill level 10 in Fighting
 21070 | Lair:6   | Found a staircase to the Slime Pits.
 21142 | Lair:6   | Reached XP level 14. HP: 85/110 MP: 3/28
 21490 | Lair:6   | Bought a potion of curing for 57 gold pieces
 21490 | Lair:6   | Bought a potion of curing for 57 gold pieces
 23328 | Lair:6   | Reached skill level 13 in Conjurations
 25142 | D:12     | Killed Harold
 25175 | D:12     | Found a sparkling altar of Nemelex Xobeh.
 25442 | D:13     | Learned a level 4 spell: Olgreb's Toxic Radiance
 25448 | D:13     | Learned a level 5 spell: Irradiate
 25801 | D:13     | Noticed Josephine
 25864 | D:13     | Killed Josephine
 26072 | D:13     | Reached skill level 14 in Conjurations
 26151 | D:13     | Found Lempurus's Weapon Boutique.
 26645 | D:13     | Found a gate to the Vaults.
 27016 | D:13     | Gained mutation: You frequently emit foul miasma when damaged in melee. [demonic ancestry]
 27016 | D:13     | Reached XP level 15. HP: 82/115 MP: 24/29
 27101 | D:13     | Got a faintly glowing cloak
 27112 | D:13     | Identified the +0 cloak "Zeurul" {*Slow rF+ Dex+3} (You found it on level 13 of the Dungeon)
 27717 | Orc:1    | Entered Level 1 of the Orcish Mines
 27738 | Orc:2    | Entered Level 2 of the Orcish Mines
 27738 | Orc:2    | Found a staircase to the Elven Halls.
 27775 | Orc:2    | Reached skill level 10 in Stealth
 27913 | Orc:2    | Found a dark tunnel.
 27997 | Orc:2    | Found Immas's Gadget Emporium.
 27997 | Orc:2    | Found Jeqodaul's Gadget Shop.
 28007 | Orc:2    | Found a roughly hewn altar of Beogh.
 28136 | Volcano  | Entered a volcano
 28398 | Volcano  | Found a radiant altar of Vehumet.
 29260 | Orc:2    | Noticed an orc warlord
 29302 | Orc:2    | Killed an orc warlord
 29309 | Orc:2    | Noticed an orc warlord
 29339 | Orc:2    | Killed an orc warlord
 29391 | Orc:2    | Noticed Saint Roka
 29868 | D:11     | Bought the Compendium of the Hurtful Mountains for 783 gold pieces
 29875 | D:11     | Learned a level 6 spell: Conjure Ball Lightning
 29938 | D:11     | Killed FluffierThanThou's ghost
 30151 | Orc:2    | Found Waovewn's Assorted Antiques.
 30187 | Orc:2    | Bought a scroll of identify for 70 gold pieces
 30251 | Orc:2    | Got a bound pewter amulet
 30392 | Orc:2    | Paralysed by an orc sorcerer for 5 turns
 30649 | Orc:2    | Found Bucifruh's Assorted Antiques.
 30649 | Orc:2    | Found Toyhoxt's Assorted Antiques.
 30653 | Orc:2    | Bought a scroll of magic mapping for 112 gold pieces
 30662 | Orc:2    | Bought a scroll of identify for 52 gold pieces
 30662 | Orc:2    | Bought a scroll of identify for 52 gold pieces
 30664 | Orc:2    | Reached skill level 5 in Air Magic
 30664 | Orc:2    | Reached XP level 16. HP: 122/122 MP: 30/30
 30698 | Orc:2    | Killed Saint Roka
 30915 | Orc:2    | Bought a distressingly furry scale mail for 234 gold pieces
 30926 | Orc:2    | Identified the +0 scale mail "Vinkec" {+Fly Regen+} (You bought it in a shop on level 2 of the Orcish Mines)
 30927 | Orc:2    | Bought a scroll labeled BUITZI GOTIO for 26 gold pieces
 30959 | Orc:2    | Bought a scroll labeled OQELIMN XINUL for 35 gold pieces
 30993 | Orc:2    | Bought the +2 pair of boots of the Assassin {Detection Stab+ Stlth++} for 1080 gold pieces
 30993 | Orc:2    | Found the +2 pair of boots of the Assassin {Detection Stab+ Stlth++}
 31027 | Orc:2    | Bought a +1 shield of fire resistance for 297 gold pieces
 31062 | Elf:1    | Entered Level 1 of the Elven Halls
 31270 | Elf:1    | Found a ruined gateway.
 31359 | Elf:1    | Reached skill level 15 in Conjurations
 31862 | Desolati | Entered the Desolation of Salt
 32630 | Desolati | HP: 6/122 [saltling (17)]
 32635 | Desolati | Reached XP level 17. HP: 4/128 MP: 5/31
 32891 | Elf:1    | Reached skill level 16 in Conjurations
 33318 | Elf:1    | HP: 5/128 [halberd of chopping (4)]
 35339 | Elf:2    | Found a runed gate.
 35339 | Elf:2    | Found a runed gate.
 35340 | Elf:2    | Found a runed gate.
 35383 | Elf:2    | Reached skill level 1 in Armour
 35402 | Elf:2    | Identified the amulet "Taicw" {Gourm Slay+2 SInv} (You took it off an orc on level 2 of the Orcish Mines)
 35838 | Elf:2    | Learned a level 5 spell: Fireball
 36248 | Elf:2    | Reached skill level 5 in Armour
 36560 | Elf:2    | Noticed a deep elf blademaster
 36665 | Elf:3    | Entered Level 3 of the Elven Halls
 36727 | Elf:3    | Found Ziluam's Assorted Antiques.
 37901 | Elf:3    | Noticed Louise
 37910 | Elf:3    | Killed Louise
 37910 | Elf:3    | Reached skill level 5 in Dodging
 37991 | Elf:3    | Noticed a deep elf blademaster
 38185 | Elf:3    | Got a fine tin amulet
 38288 | Elf:3    | Noticed a deep elf blademaster
 38293 | Elf:3    | Killed a deep elf blademaster
 38377 | Elf:3    | Killed a deep elf blademaster
 38377 | Elf:3    | Gained mutation: You have very sharp fingernails. [demonic ancestry]
 38377 | Elf:3    | Reached XP level 18. HP: 79/134 MP: 18/32
 38659 | Elf:3    | Noticed a Tzitzimitl
 39122 | Elf:3    | Got a transparent glass ring
 39152 | Elf:3    | Reached skill level 10 in Dodging
 39269 | Elf:3    | Got a slimy sapphire amulet
 39348 | Elf:3    | Identified the ring "Ita Pyah" {+Fly MR++} (You took it off a deep elf demonologist on level 3 of the Elven Halls)
 39683 | Elf:3    | Identified the Disquisition on the Snowflakes
 39691 | Elf:3    | Learned a level 2 spell: Ensorcelled Hibernation
 39691 | Elf:3    | Identified 2 scrolls of acquirement
 39691 | Elf:3    | Identified the Almanac of Talismans and Clay (You acquired it on level 3 of the Elven Halls)
 39701 | Elf:3    | Learned a level 5 spell: Borgnjor's Vile Clutch
 39782 | Elf:3    | Identified the amulet "Yniluc" {Gourm rF+ Str+5} (You took it off a deep elf annihilator on level 3 of the Elven Halls)
 39784 | Elf:3    | Identified the amulet "Timmiqule" {Faith rN+} (You took it off a deep elf demonologist on level 3 of the Elven Halls)
 40055 | Elf:3    | Found Ziluam's Assorted Antiques.
 40780 | Elf:2    | Reached skill level 1 in Necromancy
 41958 | D:9      | Bought a ration for 65 gold pieces
 41958 | D:9      | Bought a ration for 65 gold pieces
 41958 | D:9      | Bought a ration for 65 gold pieces
 42066 | Swamp:1  | Entered Level 1 of the Swamp
 42552 | Swamp:1  | Bought a ration for 65 gold pieces
 42552 | Swamp:1  | Bought a ration for 65 gold pieces
 42552 | Swamp:1  | Bought a ration for 65 gold pieces
 42552 | Swamp:1  | Bought a ration for 65 gold pieces
 42552 | Swamp:1  | Bought a ration for 65 gold pieces
 42623 | Swamp:1  | Learned a level 3 spell: Vampiric Draining
 43480 | Swamp:2  | Noticed Kirke
 43497 | Swamp:2  | Killed Kirke
 43554 | Swamp:2  | Noticed Donald
 43563 | Swamp:2  | Killed Donald
 43756 | Swamp:2  | Noticed Nikola
 43778 | Swamp:2  | Killed Nikola
 44604 | Swamp:3  | Noticed Roxanne
 45195 | Swamp:3  | Gained mutation: You have claws for hands. [demonic ancestry]
 45195 | Swamp:3  | Reached XP level 19. HP: 132/140 MP: 36/36
 45453 | Swamp:3  | Killed Roxanne
 45463 | Swamp:3  | Identified Roxanne's Handbook of the Rocks (You took it off Roxanne on level 3 of the Swamp)
 45682 | Swamp:4  | Entered Level 4 of the Swamp
 46222 | Swamp:4  | Noticed the 27-headed Lernaean hydra
 46429 | Swamp:4  | Killed the 27-headed Lernaean hydra
 47259 | Swamp:4  | Got a decaying rune of Zot
 47309 | Swamp:4  | Gained mutation: You are agile. (Dex +2) [potion of mutation]
 47309 | Swamp:4  | Gained mutation: You are weak. (Str -2) [potion of mutation]
 47309 | Swamp:4  | Gained mutation: Your flesh is cold resistant. (rC+) [potion of mutation]
 47309 | Swamp:4  | Lost mutation: You are weak. (Str -2) [potion of mutation]
 47310 | Swamp:4  | Lost mutation: You are agile. (Dex +2) [potion of mutation]
 47310 | Swamp:4  | Lost mutation: Your flesh is cold resistant. (rC+) [potion of mutation]
 47310 | Swamp:4  | Gained mutation: You have a pair of small antennae on your head. [potion of mutation]
 47310 | Swamp:4  | Gained mutation: You possess an exceptional clarity of mind. [potion of mutation]
 47311 | Swamp:4  | Lost mutation: You possess an exceptional clarity of mind. [potion of mutation]
 47311 | Swamp:4  | Lost mutation: You have a pair of small antennae on your head. [potion of mutation]
 47311 | Swamp:4  | Gained mutation: You are agile. (Dex +2) [potion of mutation]
 47311 | Swamp:4  | Gained mutation: You are somewhat resistant to further mutation. [potion of mutation]
 47312 | Swamp:4  | Lost mutation: You are agile. (Dex +2) [potion of mutation]
 47312 | Swamp:4  | Lost mutation: You are somewhat resistant to further mutation. [potion of mutation]
 47312 | Swamp:4  | Gained mutation: You possess an exceptional clarity of mind. [potion of mutation]
 47312 | Swamp:4  | Gained mutation: You have supernaturally acute eyesight. (SInv) [potion of mutation]
 47610 | Orc:2    | Bought a +0 helmet of intelligence for 207 gold pieces
 48149 | D:14     | Reached skill level 15 in Spellcasting
 48650 | D:15     | Entered Level 15 of the Dungeon
 48778 | D:15     | Found a staircase to the Depths.
 49263 | D:15     | Identified the ring "Viekirelio" {rN+ Int+2} (You found it on level 15 of the Dungeon)
 49643 | Depths:1 | Entered Level 1 of the Depths
 49913 | Snake:1  | Entered Level 1 of the Snake Pit
 50258 | Snake:1  | Found Ruej's Magic Scroll Emporium.
 50260 | Snake:1  | Found Nummeb's Food Emporium.
 50260 | Snake:1  | Found Yquzxaoz's Weapon Emporium.
 50261 | Snake:1  | Found Luiklenk's Antique Weapon Emporium.
 50522 | Snake:1  | Noticed Frances
 50544 | Snake:1  | Killed Frances
 51977 | Snake:2  | Found Yrovuon's Magic Scroll Boutique.
 52720 | Snake:3  | Found Dinailan's Antique Weapon Shoppe.
 52790 | Snake:3  | Noticed Vashnia
 53066 | Snake:3  | Reached XP level 20. HP: 122/147 MP: 36/39
 53868 | Snake:4  | Entered Level 4 of the Snake Pit
 53911 | Snake:4  | Reached skill level 15 in Stealth
 53930 | Snake:4  | Reached skill level 1 in Shields
 54328 | Snake:4  | Reached skill level 1 in Ice Magic
 54436 | Snake:4  | Noticed Mara
 54514 | Snake:4  | Shot with an arrow by a naga sharpshooter

Vault maps used:
D:1:      minmay_arrival_three_doors, serial_forest,
          infiniplex_forest_straight_4, infiniplex_forest_clump_curved,
          infiniplex_forest_lined_room_, infiniplex_forest_lined_3_way,
          infiniplex_forest_clump_tiny, minmay_misc_feat_ornament,
          minmay_heptomino_w4
D:2:      uniq_robin
D:3:      fedhas_altar_2, uniq_crazy_yiuf_cottage
D:4:      uniq_pikel
D:5:      temple_doors_ab, first_ration, uniq_edmund
D:6:      kennysheep_windowed_halls, uniq_blork_the_orc
D:7:      evilmike_ruin_ashenzari, uniq_menkaure
D:9:      kennysheep_vampire_church, erik_orc_1, serial_shops, shop_fountains,
          hangedman_little_slice_of_home
D:10:     uniq_joseph
D:11:     lair_entry_dummy, hex_large
D:12:     nicolae_trove_entry_diagonal, lemuel_statue_altar, uniq_harold
D:13:     erik_vaults_2, serial_shops, shop, serial_bayou_lagoon_b,
          uniq_josephine
D:14:     hangedman_decor_peaks_small
D:15:     gammafunk_enter_depths_forms, minivault_4
Temple:   kilobyte_greek_temple
Lair:1:   grunt_megastairs_5, serial_bayou_shore_b, uniq_grum, uniq_gastronok,
          uniq_sonja
Lair:2:   nicolae_swamp_entry_splash_gauntlet
Lair:3:   cheibrodos_lair_river_kwai, grunt_megastairs_4
Lair:4:   minmay_snake_entry_guardpost_small
Lair:5:   infiniplex_staircase_pool_2
Lair:6:   hangedman_lair_caniforms_friends, hangedman_lair_in_review,
          minmay_slime_entry_pillars
Swamp:1:  evilmike_swamp_ruin_house_5
Swamp:2:  cheibrodos_swamp_tower_of_moss, evilmike_swamp_ruin_house_1,
          swamp_pool4, lightli_tree_ring, uniq_donald, uniq_nikola, uniq_kirke
Swamp:3:  hangedman_swamp_ruin_wall, uniq_roxanne
Swamp:4:  swamp_basic_johnstein
Snake:1:  minmay_shop_grid_forest, statue_in_the_mist_lemuel, st_stairs_2,
          serial_bayou_shore_a, grunt_megastairs_3, uniq_frances
Snake:2:  serial_shops, nicolae_shop_crystal, grunt_ministairs_15
Snake:3:  serial_shops, shop, uniq_vashnia
Snake:4:  snake_pit_salamanders_mu, special_room, serial_bayou_pond_a,
          hangedman_snake_thin_pillar_pass, nicolae_snake_shapes, uniq_mara
Orc:1:    orc_temple, basic_altar, serial_shops
Orc:2:    st_orc_town, nicolae_volcano_entry_lava_flow, serial_shops,
          nicolae_shop_stone, minmay_orc_treasury, uniq_saint_roka
Elf:1:    portal_desolation_entry_garden, evilmike_minifort,
          hangedman_elf_simple_split
Elf:2:    hangedman_elven_ridges
Elf:3:    minmay_elf_hall_hex, serial_shops, shop, uniq_louise
Depths:1: nrook_mini_vaults, hell_entry, hangedman_abyss_entry_splay,
          serial_sigils_hangedman_carve, serial_sigils_hangedman_confine,
          hex_medium, dispersion_dpeg
Volcano:  volcano_grotto

Skill      XL: |  1  2  3  4  5  6  7  8  9 10 11 12 13 14 15 16 17 18 19 20 |
---------------+-------------------------------------------------------------+-----
Conjurations   | 2 3 4 5 8 9 10 12 14 15 16 | 16.0
Poison Magic   | 1 3 5 7 |  7.1
Air Magic      | 1 2 5 8 |  8.0
Fighting       | 1 4 7 8 10 | 10.0
Stealth        | 6 7 8 9 12 14 15 | 15.0
Spellcasting   | 5 6 10 13 15 | 15.0
Dodging        | 4 7 10 | 10.0
Fire Magic     | 2 |  2.0
Translocations | 1 |  1.1
Short Blades   | 5 8 |  8.0
Earth Magic    | 6 8 9 |  9.0
Armour         | 8 |  8.0
Necromancy     | 4 |  4.1
Shields        | 4 |  4.0
Ice Magic      | 3 |  3.8
Summonings     | |  1.0

Action                   |  1- 3 |  4- 6 |  7- 9 | 10-12 | 13-15 | 16-18 | 19-21 || total
-------------------------+-------+-------+-------+-------+-------+-------+-------++-------
Melee: Unarmed           |    11 |       |       |       |       |       |       ||    11
       Whip              |    16 |       |       |       |       |       |       ||    16
       Spear             |    54 |   105 |       |       |       |       |       ||   159
       Quarterstaff      |       |    33 |   255 |   457 |   297 |       |       ||  1042
       Hand axe          |       |       |       |    95 |       |       |       ||    95
       Quick blade       |       |       |       |       |   615 |   561 |       ||  1176
       Rapier            |       |       |       |       |       |    50 |   615 ||   665
 Cast: Magic Dart        |    91 |    96 |    96 |    76 |       |       |       ||   359
       Mephitic Cloud    |       |     3 |    10 |    19 |     3 |       |       ||    35
       Blink             |       |     1 |       |     7 |     2 |    14 |     2 ||    26
       Conjure Flame     |       |       |     4 |    17 |     8 |     1 |       ||    30
       Stone Arrow       |       |       |       |   188 |   500 |   184 |       ||   872
       Lee's Rapid Decon |       |       |       |       |    16 |    15 |     8 ||    39
       Venom Bolt        |       |       |       |       |    12 |       |       ||    12
       Olgreb's Toxic Ra |       |       |       |       |    73 |    63 |       ||   136
       Irradiate         |       |       |       |       |     5 |     7 |       ||    12
       Conjure Ball Ligh |       |       |       |       |     1 |    70 |    48 ||   119
       Fireball          |       |       |       |       |       |    78 |    68 ||   146
       Borgnjor's Vile C |       |       |       |       |       |    64 |    72 ||   136
Invok: Call Merchant     |       |       |       |     2 |     2 |     2 |     1 ||     7
       Potion Petition   |       |       |       |       |       |     1 |       ||     1
Evoke: Wand              |       |       |       |    68 |    41 |     8 |     2 ||   119
       Lightning rod     |       |       |       |       |       |       |     4 ||     4
       Sack of spiders   |       |       |       |       |       |       |     1 ||     1
  Use: Scroll            |       |     6 |     4 |    11 |    15 |    21 |    16 ||    73
       Potion            |       |       |       |     5 |     8 |    11 |     5 ||    29
 Stab: Sleeping          |     1 |     2 |     6 |    13 |     7 |    20 |    34 ||    83
       Paralysed         |       |     1 |     2 |    12 |     4 |     3 |       ||    22
       Confused          |       |     1 |     5 |     6 |     2 |       |       ||    14
       Distracted        |       |       |     1 |     1 |     7 |     2 |    10 ||    21
       Petrified         |       |       |       |       |     7 |       |       ||     7
       Petrifying        |       |       |       |       |     2 |       |       ||     2
  Eat: Chunk             |     2 |     8 |     3 |       |       |       |       ||    13
       Ration            |       |       |     3 |    10 |    14 |    26 |    12 ||    65
Armor: Robe              |    11 |    46 |       |       |       |       |       ||    57
       Leather armour    |       |     4 |    82 |   244 |   205 |    76 |   141 ||   752
Dodge: Dodged            |    41 |    96 |   162 |   502 |   531 |   214 |   524 ||  2070
Block: Other             |       |       |       |       |       |    11 |       ||    11
       Reflection        |       |       |       |       |       |     1 |       ||     1

Table legend:
 A = Spawn XP
 B = Non-spawn XP
 C = Spawn XP percentage of total XP
 D = Spawn monster count
 E = Non-spawn monster count
 F = Spawn count percentage of total count
 G = Total turns spent on level
                    A         B        C        D         E        F      G
               +---------+---------+-------+---------+---------+-------+---------
         Total |       0 |  446963 |   0.0 |       0 |    1293 |   0.0 | 54514
               +---------+---------+-------+---------+---------+-------+---------
           D:1 |       0 |      41 |   0.0 |       0 |      23 |   0.0 |  1105
           D:2 |       0 |      91 |   0.0 |       0 |      27 |   0.0 |  1473
           D:3 |       0 |     240 |   0.0 |       0 |      29 |   0.0 |  1082
           D:4 |       0 |    1181 |   0.0 |       0 |      15 |   0.0 |   974
           D:5 |       0 |     412 |   0.0 |       0 |      12 |   0.0 |   882
           D:6 |       0 |    2708 |   0.0 |       0 |      40 |   0.0 |  1082
           D:7 |       0 |    1333 |   0.0 |       0 |      29 |   0.0 |  1397
           D:8 |       0 |    1857 |   0.0 |       0 |      16 |   0.0 |   721
           D:9 |       0 |    3452 |   0.0 |       0 |      56 |   0.0 |  1786
          D:10 |       0 |    3156 |   0.0 |       0 |      18 |   0.0 |  1238
          D:11 |       0 |    4840 |   0.0 |       0 |      35 |   0.0 |  1511
          D:12 |       0 |    4372 |   0.0 |       0 |      15 |   0.0 |  1125
          D:13 |       0 |   18956 |   0.0 |       0 |      52 |   0.0 |  2390
          D:14 |       0 |   10407 |   0.0 |       0 |      55 |   0.0 |   846
          D:15 |       0 |    8392 |   0.0 |       0 |      29 |   0.0 |  1084
        Lair:1 |       0 |    7636 |   0.0 |       0 |      21 |   0.0 |  1872
        Lair:2 |       0 |    3974 |   0.0 |       0 |      17 |   0.0 |  1075
        Lair:3 |       0 |   10459 |   0.0 |       0 |      41 |   0.0 |  1537
        Lair:4 |       0 |    4877 |   0.0 |       0 |      23 |   0.0 |  1186
        Lair:5 |       0 |    8430 |   0.0 |       0 |      24 |   0.0 |  1780
        Lair:6 |       0 |   32026 |   0.0 |       0 |     112 |   0.0 |  4266
       Swamp:1 |       0 |    3469 |   0.0 |       0 |       9 |   0.0 |   904
       Swamp:2 |       0 |   28241 |   0.0 |       0 |      47 |   0.0 |  1813
       Swamp:3 |       0 |   10311 |   0.0 |       0 |      22 |   0.0 |  1106
       Swamp:4 |       0 |   32402 |   0.0 |       0 |      56 |   0.0 |  1532
       Snake:1 |       0 |   12964 |   0.0 |       0 |      23 |   0.0 |  1248
       Snake:2 |       0 |    5649 |   0.0 |       0 |      11 |   0.0 |  1008
       Snake:3 |       0 |   24055 |   0.0 |       0 |      49 |   0.0 |  1699
       Snake:4 |       0 |   27537 |   0.0 |       0 |      44 |   0.0 |   646
         Orc:1 |       0 |     165 |   0.0 |       0 |       1 |   0.0 |   320
         Orc:2 |       0 |   22900 |   0.0 |       0 |     149 |   0.0 |  2093
         Elf:1 |       0 |   31438 |   0.0 |       0 |      52 |   0.0 |  3816
         Elf:2 |       0 |   38502 |   0.0 |       0 |      50 |   0.0 |  2704
         Elf:3 |       0 |   67163 |   0.0 |       0 |      52 |   0.0 |  3527
      Depths:1 |       0 |    3063 |   0.0 |       0 |       6 |   0.0 |    18
       Volcano |       0 |    4907 |   0.0 |       0 |      21 |   0.0 |   738
    Desolation |       0 |    5357 |   0.0 |       0 |      12 |   0.0 |   783
               +---------+---------+-------+---------+---------+-------+---------
